 Dungeon Crawl Stone Soup version 0.26-a0-651-gb41185065b (webtiles) character file.

Game seed: 14730976023297195227

119 Ozzies the Skirmisher (level 4, 0/44 HPs)
             Began as a Minotaur Fighter on Oct 13, 2020.
             Slain by Crazy Yiuf
             ... wielding a +3 quarterstaff of chaos
              (14 damage)
             ... on level 2 of the Dungeon.
             The game lasted 00:01:18 (1570 turns).

Ozzies the Skirmisher (Minotaur Fighter)            Turns: 1570, Time: 00:01:19

Health: 0/44       AC:  6    Str: 22    XL:     4   Next: 73%
Magic:  0/3        EV:  7    Int:  5    God:
Gold:   111        SH:  9    Dex:  9    Spells: 3/3 levels left

rFire    . . .     SeeInvis .   a - +0 war axe
rCold    . . .     Faith    .   c - +0 kite shield
rNeg     . . .     Spirit   .   b - +0 scale mail
rPois    .         Reflect  .   (helmet restricted)
rElec    .         Harm     .   (no cloak)
rCorr    .         Rampage  .   (no gloves)
MR       .....                  (no boots)
Stlth    ..........             (no amulet)
HPRegen  0.14/turn              (no ring)
MPRegen  0.08/turn              (no ring)

@: lightly drained
A: retaliatory headbutt, horns 2
a: no special abilities


You were on level 2 of the Dungeon.
You visited 1 branch of the dungeon, and saw 2 of its levels.

You collected 111 gold pieces.

Inventory:

Hand Weapons
 a - a +0 war axe (weapon)
Missiles
 f - 89 stones (quivered)
 g - 35 sling bullets
Armour
 b - a +0 scale mail (worn)
 c - a +0 kite shield (worn)
 e - a +0 pair of gloves
 m - a +2 pair of boots
Jewellery
 o - a +6 ring of intelligence {unknown}
Scrolls
 h - a scroll of remove curse {unknown}
 j - 4 scrolls of identify {unknown}
 k - 2 scrolls of magic mapping {unknown}
 q - a scroll of teleportation {unknown}
 s - a scroll of enchant armour {unknown}
Potions
 d - a potion of might {@q3 !q}
 i - a potion of brilliance {unknown}
 l - a potion of invisibility {unknown}
 n - a potion of flight {unknown}
 p - a potion of stabbing {unknown}
 r - 2 potions of berserk rage {unknown}


   Skills:
 * Level 5.9(5.6) Fighting
 + Level 3.9(3.7) Axes
 - Level 3.6(3.3) Armour
 - Level 3.6(3.3) Shields


You had 3 spell levels left.
You didn't know any spells.
Your spell library was empty.

Dungeon Overview and Level Annotations

Branches:
Dungeon (2/15)

Altars:
Kikubaaqudgha

Annotations:
D:2 Crazy Yiuf


Innate Abilities, Weirdness & Mutations

You reflexively headbutt those who attack you in melee.
You have a pair of horns on your head.


Message History

No target in view!
No target in view!
No target in view!
No target in view!
No target in view!
No target in view!
No target in view!
You now have 111 gold pieces (gained 14).
A rat comes into view.
Found a scroll labeled ZEAVIBBIYDGH.
A rat is nearby!
A rat is nearby!
A rat is nearby!
A rat is nearby!
Found an escape hatch in the floor.
The rat bites you but does no damage.
You closely miss the rat. The rat bites you. You block the rat's attack.
You hit the rat.
You kill the rat!
No target in view!
No target in view!
No target in view!
No target in view!
No target in view!
No target in view!
No target in view!
No target in view!
j - 4 scrolls labeled WIUSTUKLULL (gained 1)
s - a scroll labeled ZEAVIBBIYDGH
There is an open door here.
Found an ancient bone altar of Kikubaaqudgha.
You see here a club.
You open the door.
There is an open door here.
There is an open door here.
Key pressed, stopping explore.
You see here a +0 club.
Crazy Yiuf shouts!
No reachable target in view!
You open the door.
Crazy Yiuf hits you with a +3 quarterstaff of chaos.
There is an open translucent door here.
You hit Crazy Yiuf.
Crazy Yiuf is moderately wounded.
You block Crazy Yiuf's attack.
You hit Crazy Yiuf but do no damage.
Crazy Yiuf is moderately wounded.
You block Crazy Yiuf's attack.
Crazy Yiuf hits you with a +3 quarterstaff of chaos.
You feel drained.
You closely miss Crazy Yiuf.
Crazy Yiuf is moderately wounded.
You block Crazy Yiuf's attack.
You slash Crazy Yiuf!
Crazy Yiuf is heavily wounded.
Crazy Yiuf barely misses you. You block Crazy Yiuf's attack.
You closely miss Crazy Yiuf.
Crazy Yiuf is heavily wounded.
Crazy Yiuf closely misses you. You furiously retaliate!
You headbutt Crazy Yiuf. You barely miss Crazy Yiuf.
Crazy Yiuf is severely wounded.
Crazy Yiuf laughs, "Goober high head!"
Crazy Yiuf hits you with a +3 quarterstaff of chaos.
You hit Crazy Yiuf but do no damage. You headbutt Crazy Yiuf.
Crazy Yiuf is almost dead.
Crazy Yiuf barely misses you.
You hit Crazy Yiuf but do no damage. Your headbutt misses Crazy Yiuf.
Crazy Yiuf is almost dead.
Crazy Yiuf hits you with a +3 quarterstaff of chaos!
Crazy Yiuf laughs, "Pitchfork return to song ena!"
You block Crazy Yiuf's attack.
You are too injured to fight recklessly!
You are too injured to fight recklessly!
You are too injured to fight recklessly!
You are too injured to fight recklessly!
You are too injured to fight recklessly!
You are too injured to fight recklessly!
You are too injured to fight recklessly!
You are too injured to fight recklessly!
You are too injured to fight recklessly!
You are too injured to fight recklessly!
You are too injured to fight recklessly!
You are too injured to fight recklessly!
You are too injured to fight recklessly!
You are too injured to fight recklessly!
You are too injured to fight recklessly!
You are too injured to fight recklessly!
You are too injured to fight recklessly!
You are too injured to fight recklessly!
You are too injured to fight recklessly!
You hit Crazy Yiuf but do no damage. Your headbutt misses Crazy Yiuf.
Crazy Yiuf is almost dead.
Crazy Yiuf hits you with a +3 quarterstaff of chaos!
You feel your power leaking away.
You barely miss Crazy Yiuf.
You headbutt Crazy Yiuf, but do no damage.
Crazy Yiuf is almost dead.
Crazy Yiuf hits you with a +3 quarterstaff of chaos!
You die...

...####.#......#
#.###.###...
...#....#..##### #.#
#..#####
...#.####.....# #.#
##.##...
...#.#.########
######...... .†.#.#.#
#...'...... ...#.#.#
#####......
......###♣♣ ####
#...... ##.##.....♣♣
♣♣#..)# #......
##.##......♣♣♣♣.@g..#
#......
[..###......♣..♣#...#
#...... ####
##....♣.♣♣♣ #### ###
#...... ###♣♣♣♣♣
#.#####'###
#.........#
##########÷..#
#.......###..#
#######.# #..# #.#
#...


You could see Crazy Yiuf.

Vanquished Creatures
  Jessica (D:2)
  Terence (D:2)
  Robin (D:2)
  2 adders (D:2)
  A worm (D:2)
  A dart slug (D:2)
  A giant cockroach (D:1)
  6 hobgoblins
  2 jackals (D:1)
  A kobold (D:2)
  3 bats
  2 frilled lizards
  11 goblins
  3 rats
36 creatures vanquished.

Notes
Turn   | Place    | Note
-------+----------+-------------------------------------------
     0 | D:1      | Ozzies the Minotaur Fighter began the quest for the Orb.
     0 | D:1      | Reached XP level 1. HP: 19/19 MP: 0/0
   366 | D:1      | Reached skill level 4 in Fighting
   459 | D:1      | Reached XP level 2. HP: 25/27 MP: 1/1
   735 | D:2      | Noticed Jessica
   739 | D:2      | Killed Jessica
   739 | D:2      | Reached XP level 3. HP: 35/35 MP: 2/2
   742 | D:2      | Noticed Robin
   750 | D:2      | Killed Robin
   750 | D:2      | Reached skill level 5 in Fighting
   945 | D:2      | Reached XP level 4. HP: 41/42 MP: 3/3
   964 | D:2      | Noticed Terence
   976 | D:2      | Killed Terence
  1356 | D:2      | Found a runed translucent door.
  1357 | D:2      | Noticed Crazy Yiuf
  1472 | D:2      | Found an ancient bone altar of Kikubaaqudgha.
  1570 | D:2      | Slain by Crazy Yiuf

Illustrated notes

Levels and vault maps discovered:
D:1:      matt_arrival_spirals, layout_basic, minmay_cut_off
D:2:      layout_basic, lemuel_round_altar, uniq_crazy_yiuf_cottage,
          uniq_jessica, uniq_robin, uniq_terence

Skill      XL: |  1  2  3 |
---------------+----------+-----
Fighting       | 4 5 |  5.9
Axes           | 3 |  3.9
Armour         | |  3.6
Shields        | |  3.6

Action                   |  1- 3 |  4- 6 || total
-------------------------+-------+-------++-------
Melee: War axe           |    43 |    35 ||    78
       Headbutt          |     9 |     4 ||    13
Armor: Scale mail        |    13 |     8 ||    21
Dodge: Dodged            |    21 |    12 ||    33
Block: Kite shield       |    24 |    20 ||    44

Table legend: (Time is in decaauts)
 A = Elapsed time spent in this place.
 B = Non-inter-level travel time spent in this place.
 C = Inter-level travel time spent in this place.
 D = Time resting spent in this place.
 E = Time spent auto-exploring this place.
 F = Levels seen in this place.
 G = Mean time per level.
                   A        B        C        D        E       F      G
               +--------+--------+--------+--------+--------+-----+--------+
         Total |   1602 |   1579 |     23 |      0 |   1391 |   2 |  801.0 |
       Dungeon |   1602 |   1579 |     23 |      0 |   1391 |   2 |  801.0 |
               +--------+--------+--------+--------+--------+-----+--------+

Top non-repeatable levels by time:
     D:2: 858 daAuts
     D:1: 744 daAuts
